 Dungeon Crawl Stone Soup version 0.25-a0-860-gf695395b5c (webtiles) character file.

Game seed: 17741790778224218447, levelgen mode: deterministic

88 Esekla the Charmwright (level 4, -2/26 HPs)
             Began as a Deep Elf Skald on Apr 29, 2020.
             Slain by an orc (3 damage)
             ... on level 3 of the Dungeon.
             The game lasted 00:23:21 (3075 turns).

Esekla the Charmwright (Deep Elf Skald)             Turns: 3075, Time: 00:23:22

Health: -2/26      AC:  3    Str:  8    XL:     4   Next: 29%
Magic:  3/10       EV: 12    Int: 18    God:
Gold:   99         SH:  0    Dex: 15    Spells: 3/9 levels left

rFire    . . .     SeeInvis .   a - +0 falchion
rCold    . . .     Gourm    .   (no shield)
rNeg     . . .     Faith    .   b - +0 leather armour
rPois    .         Spirit   .   (no helmet)
rElec    .         Reflect  .   (no cloak)
rCorr    .         Harm     .   (no gloves)
MR       .....                  (no boots)
Stlth    +.........             (no amulet)
HPRegen  0.08/turn              (no ring)
MPRegen  0.12/turn              (no ring)

@: infused, singing
A: no striking features
a: no special abilities


You were on level 3 of the Dungeon.
You were very hungry.

You visited 1 branch of the dungeon, and saw 3 of its levels.

You collected 99 gold pieces.

Inventory:

Hand Weapons
 a - a +0 falchion (weapon)
Armour
 b - a +0 leather armour (worn)
Scrolls
 c - 3 scrolls of teleportation {unknown}
 e - a scroll of immolation {unknown}
 f - 6 scrolls of identify
 h - a scroll of enchant armour {unknown}
 i - 2 scrolls of amnesia {unknown}
 j - a scroll of fog {unknown}
 l - 2 scrolls of blinking {unknown}
Potions
 g - a potion of lignification
 k - 2 potions of stabbing
 m - 3 potions of ambrosia
 o - a potion of heal wounds
Comestibles
 d - 7 rations


   Skills:
 + Level 2.1 Fighting
 + Level 2.7 Long Blades
 + Level 1.6 Armour
 + Level 2.9 Dodging
 + Level 0.7 Stealth
 + Level 3.1 Spellcasting
 + Level 4.8 Charms


You had 3 spell levels left.
You knew the following spells:

 Your Spells              Type           Power        Failure   Level  Hunger
a - Infusion              Chrm           ###.         3%          1    None
b - Song of Slaying       Chrm           ###.....     4%          2    ##.....
c - Ozocubu's Armour      Chrm/Ice       ##......     26%         3    ###....

Your spell library contained the following spells:

 Spells                   Type           Power        Failure   Level  Hunger
 Shroud of Golubria       Chrm/Tloc      ##....       13%         2    ##.....
 Spectral Weapon          Hex/Chrm       ##......     26%         3    ###....


Dungeon Overview and Level Annotations

Branches:
Dungeon (3/15)

Altars:
Okawaru
Zin


Message History

You kill the jackal!
An orc wizard comes into view. It is wielding a +0 dagger.
The jackal bites you.
* * * LOW HITPOINT WARNING * * *
The orc hits you with a +0 dagger.
* * * LOW HITPOINT WARNING * * *
You hit the orc.
You kill the orc!
The jackal bites you.
* * * LOW HITPOINT WARNING * * *
The jackal bites you but does no damage.
The orc wizard mumbles some strange words.
The orc wizard flickers and vanishes!
Deactivating autopickup; reactivate with Ctrl-A.
Things that are here:
a +0 dagger; a +0 leather armour; an orc corpse You hit the orc.
The orc is almost dead.
The orc hits you.
You die...

... .. .. o##
o{# #.# #o#
#@# #h# #.#
#Y# .##.
#w### ....
#...# ...#
###w####.)#
#.≈......#
####........#


You could see a sky beast, an orc priest, a dart slug, 2 orcs and a jackal.

Vanquished Creatures
  An adder (D:2)
  2 oozes (D:1)
  A worm (D:2)
  A dart slug (D:1)
  An orc (D:3)
  A ball python (D:2)
  12 giant cockroaches
  4 goblins
  5 hobgoblins
  11 jackals
  5 bats
  5 frilled lizards
  4 kobolds
  4 rats
57 creatures vanquished.

Notes
Turn   | Place    | Note
-------+----------+-------------------------------------------
     0 | D:1      | Esekla the Deep Elf Skald began the quest for the Orb.
     0 | D:1      | Reached XP level 1. HP: 12/12 MP: 6/6
   121 | D:1      | Reached XP level 2. HP: 9/16 MP: 8/8
   417 | D:1      | Reached skill level 1 in Armour
  1039 | D:2      | Reached XP level 3. HP: 21/21 MP: 9/9
  2288 | D:2      | Learned a level 2 spell: Song of Slaying
  2292 | D:2      | Learned a level 3 spell: Ozocubu's Armour
  2305 | D:2      | Reached XP level 4. HP: 16/26 MP: 2/10
  2320 | D:2      | Found an iron altar of Okawaru.
  2320 | D:2      | Found a glowing silver altar of Zin.
  3024 | D:3      | Noticed a sky beast
  3073 | D:3      | HP: 1/26 [jackal (2)]
  3075 | D:3      | Slain by an orc

Levels and vault maps discovered:
D:1:      evilmike_arrival_crescent, layout_rooms, minivault_25,
          serial_bayou_ford_a
D:2:      minmay_roachtagon, layout_basic, gammafunk_temple_overflow_wave
D:3:      layout_rooms

Skill      XL: |  1  2  3 |
---------------+----------+-----
Long Blades    | 2 |  2.7
Armour         | 1 |  1.6
Fighting       | 2 |  2.1
Dodging        | |  2.9
Stealth        | |  0.7
Spellcasting   | |  3.1
Charms         | |  4.8

Action                   |  1- 3 |  4- 6 || total
-------------------------+-------+-------++-------
Melee: Falchion          |   193 |    38 ||   231
 Cast: Infusion          |     2 |     1 ||     3
       Song of Slaying   |     1 |     1 ||     2
  Use: Scroll            |     4 |       ||     4
 Stab: Sleeping          |     1 |     1 ||     2
  Eat: Chunk             |     4 |     2 ||     6
Armor: Leather armour    |    49 |     6 ||    55
Dodge: Dodged            |   164 |    35 ||   199
       Rpst.: Falchion   |    46 |     6 ||    52

Table legend:
 A = Non-vault XP
 B = Vault XP
 C = Vault XP percentage of total XP
 D = Non-vault monster count
 E = Vault monster count
 F = Vault count percentage of total count
                 A         B        C        D         E       F
            +---------+---------+-------+---------+---------+-------
      Total |     108 |      18 |  14.3 |      48 |       9 |  15.8
            +---------+---------+-------+---------+---------+-------
        D:1 |      33 |       0 |   0.0 |      13 |       0 |   0.0
        D:2 |      66 |      18 |  21.4 |      31 |       9 |  22.5
        D:3 |       9 |       0 |   0.0 |       4 |       0 |   0.0
            +---------+---------+-------+---------+---------+-------
